 Dungeon Crawl Stone Soup version 0.20.1-1-g8b1a95d (webtiles) character file.

363 Peloso the Slasher (level 6, -4/56 HPs)
             Began as a Deep Dwarf Fighter on Sept 12, 2017.
             Killed by divine providence
             ... invoked by an orc priest
              (12 damage)
             ... on level 3 of the Dungeon.
             The game lasted 00:07:11 (2071 turns).

Peloso the Slasher (Deep Dwarf Fighter)             Turns: 2071, Time: 00:07:12

Health: -4/56      AC: 11    Str: 22    XL:     6   Next: 39%
Magic:  5/5        EV:  6    Int:  8    God:
Gold:   131        SH: 10    Dex: 12    Spells: 5/5 levels left

rFire    . . .     SeeInvis +   a - +0 long sword
rCold    . . .     Gourm    .   c - +0 shield
rNeg     . . .     Faith    .   q - +0 chain mail
rPois    .         Spirit   .   e - +0 helmet
rElec    .         Reflect  .   m - +0 cloak
rCorr    .         Harm     .   (no gloves)
MR       .....                  (no boots)
Stlth    ..........             i - amulet of magic regeneration
Regen    0.0/turn               t - ring of see invisible
MPRegen  0.2/turn               (no ring)

@: non-regenerating
A: damage resistance, heal wounds, sense surroundings 1, no regeneration
a: Heal Wounds


You were on level 3 of the Dungeon.
You were not hungry.

You visited 1 branch of the dungeon, and saw 3 of its levels.

You collected 131 gold pieces.

Inventory:

Hand Weapons
 a - a +0 long sword (weapon)
Armour
 c - a +0 shield (worn)
 e - a +0 helmet (worn)
 m - a +0 cloak (worn)
 q - a +0 chain mail (worn)
Jewellery
 i - an amulet of magic regeneration (around neck)
 t - a ring of see invisible (left hand)
Scrolls
 b - a scroll of magic mapping {unknown}
 j - 2 scrolls of remove curse
 n - 3 scrolls of identify
 o - a scroll of teleportation {unknown}
 p - a scroll of random uselessness {unknown}
 r - a scroll of immolation {unknown}
 s - a scroll of noise {unknown}
Potions
 g - 2 potions of flight
 k - 2 potions of agility
 l - a potion of berserk rage
Comestibles
 d - a royal jelly
 f - 2 bread rations
 h - 3 fruits
 u - 5 chunks of flesh


   Skills:
 + Level 3.4 Fighting
 + Level 4.6 Long Blades
 + Level 4.2 Armour
 + Level 2.0 Dodging
 + Level 0.3 Stealth
 + Level 4.4 Shields


You had 5 spell levels left.
You didn't know any spells.

Dungeon Overview and Level Annotations

Branches:
Dungeon (3/15)

Altars:


Innate Abilities, Weirdness & Mutations

You are resistant to damage.
You can heal yourself by infusing magical energy.
You passively map a small area around you.
You do not regenerate.


Message History

Your shield and chain mail prevent you from hitting the orc priest.
The orc priest is almost dead.
You block the orc priest's attack.
You closely miss the orc priest.
The orc priest is almost dead.
The orc priest closely misses you.
Your chain mail prevents you from hitting the orc priest.
The orc priest is almost dead.
The orc priest invokes the aid of Beogh against you.
Beogh smites you!
* * * LOW HITPOINT WARNING * * *
You barely miss the orc priest.
The orc priest is almost dead.
The orc priest hits you but does no damage.
The orc priest hits you.
You hit the orc priest but do no damage.
The orc priest is almost dead.
The orc priest mumbles some strange prayers to Beogh against you.
Beogh smites you!
You die... , * , * , ##.##*, * * *##.#. * * , ..... * .ho , * , , * hKh*

* #.# * #h#* #.# #o# #.#
#@# , #.# ##'## # #.#
##...## * , # #.###
##.....## * * # #.#.##
##.......#* ,
####....####.........#
.).........'†(.......'.
,,
#####...####.........##.
# ##.## ##.......## , ,
,


You could see an orc priest, an orc, 4 jackals and a kobold.

Vanquished Creatures
  Sigmund (D:2)
  Jessica (D:3)
  Natasha (thrice) (D:2)
  2 adders
  A worm (D:2)
  3 dart slugs (D:1)
  3 leopard geckos
  5 orcs (D:3)
  12 bats
  2 giant cockroaches (D:2)
  5 goblins
  7 hobgoblins
  4 jackals (D:3)
  2 quokkas
  3 ball pythons
  3 frilled lizards
  7 kobolds
  4 rats
68 creatures vanquished.

Notes
Turn   | Place    | Note
-------+----------+-------------------------------------------
     0 | D:1      | Peloso the Deep Dwarf Fighter began the quest for the Orb.
     0 | D:1      | Reached XP level 1. HP: 20/20 MP: 1/1
   192 | D:1      | Reached XP level 2. HP: 12/27 MP: 2/2
   831 | D:1      | Reached XP level 3. HP: 30/34 MP: 3/3
  1071 | D:2      | Noticed Sigmund
  1087 | D:2      | Killed Sigmund
  1087 | D:2      | Reached skill level 1 in Dodging
  1087 | D:2      | Reached XP level 4. HP: 29/42 MP: 4/4
  1087 | D:2      | Reached XP level 5. HP: 33/49 MP: 5/5
  1155 | D:2      | Noticed Natasha
  1163 | D:2      | Killed Natasha
  1445 | D:2      | Noticed Natasha
  1451 | D:2      | Killed Natasha
  1451 | D:2      | Reached XP level 6. HP: 45/56 MP: 6/6
  1489 | D:2      | Noticed Natasha
  1499 | D:2      | Killed Natasha
  2025 | D:3      | Noticed Jessica
  2031 | D:3      | Killed Jessica
  2071 | D:3      | Killed from afar by an orc priest

Skill      XL: |  1  2  3  4  5  6 |
---------------+-------------------+-----
Fighting       | 3 |  3.4
Long Blades    | 4 |  4.6
Armour         | 4 |  4.2
Dodging        | 1 2 |  2.0
Shields        | 4 |  4.4
Stealth        | |  0.3

Action                   |  1- 3 |  4- 6 || total
-------------------------+-------+-------++-------
Melee: Long sword        |   123 |   130 ||   253
 Abil: Heal Wounds       |     1 |     2 ||     3
  Use: Potion            |     1 |       ||     1
       Scroll            |       |     5 ||     5
  Eat: Chunk             |       |     4 ||     4
Armor: Scale mail        |    60 |     9 ||    69
       Chain mail        |       |    39 ||    39
Dodge: Dodged            |    35 |    32 ||    67
Block: Shield            |    59 |    65 ||   124
       Rpst.: Long sword |     9 |     5 ||    14
